 Dungeon Crawl Stone Soup version 0.26.1-10-gdfb7c7de75 (webtiles) character file.

Game seed: 3162139963179637902

214 Chiseanne the Magician (level 5, -6/35 HPs)
             Began as a Demonspawn Hedge Wizard on Apr 9, 2021.
             Killed by divine providence
             ... invoked by an orc priest
              (11 damage)
             ... on level 4 of the Dungeon.
             The game lasted 00:07:02 (4891 turns).

Chiseanne the Magician (Demonspawn Hedge Wizard)    Turns: 4891, Time: 00:07:02

Health: -6/35      AC:  4    Str: 11    XL:     5   Next: 59%
Magic:  17/21      EV: 12    Int: 16    God:
Gold:   121        SH:  0    Dex: 12    Spells: 7/13 levels left

rFire    . . .     SeeInvis .   d - +0 dagger
rCold    . . .     Faith    .   (no shield)
rNeg     . . .     Spirit   .   o - +0 leather armour
rPois    .         Reflect  .   c - +0 hat
rElec    .         Harm     .   (no cloak)
rCorr    .         Rampage  .   a - +0 pair of gloves
Will     .....                  (no boots)
Stlth    +.........             (no amulet)
HPRegen  0.11/turn              t - ring of magical power
MPRegen  0.17/turn              (no ring)

@: confused
A: powered by death 1, sturdy frame 3
a: no special abilities


You were on level 4 of the Dungeon.
You visited 1 branch of the dungeon, and saw 4 of its levels.

You collected 121 gold pieces.

Inventory:

Hand Weapons
 d - a +0 dagger (weapon)
 l - a +0 short sword
 n - a +0 spectral quarterstaff
Missiles
 e - 39 sling bullets
 g - 123 stones (quivered)
 i - 3 boomerangs
 s - 30 arrows
Armour
 a - a +0 pair of gloves (worn)
 c - a +0 hat (worn)
 o - a +0 leather armour (worn)
Jewellery
 t - a ring of magical power (left hand)
Scrolls
 b - a scroll of enchant weapon {unknown}
 h - a scroll of identify
 m - a scroll of amnesia
Potions
 f - a potion of flight
 j - a potion of brilliance {unknown}
 k - 2 potions of invisibility {unknown}
 p - a potion of heal wounds {unknown}
 q - a potion of berserk rage {unknown}
 r - 2 potions of haste {unknown}


   Skills:
 - Level 1.7 Dodging
 - Level 1.7 Stealth
 * Level 4.7 Spellcasting
 * Level 4.0 Conjurations
 - Level 1.0 Summonings
 - Level 0.8 Translocations


You had 7 spell levels left.
You knew the following spells:

 Your Spells              Type           Power        Failure   Level
a - Magic Dart            Conj           64%          3%          1
b - Blink                 Tloc           N/A          17%         2
d - Mephitic Cloud        Conj/Pois/Air  8%           26%         3

Your spell library contained the following spells:

 Spells                   Type           Power        Failure   Level
 Call Imp                 Summ           6%           16%         2
 Conjure Flame            Conj/Fire      10%          21%         3
 Slow                     Hex            3%           24%         2


Dungeon Overview and Level Annotations

Branches:
Dungeon (4/15)
 Temple: D:4-7

Altars:
Uskayaw
The Shining One


Innate Abilities, Weirdness & Mutations

You regenerate a little health from kills.
Your movements are significantly less encumbered by armour. (ER -6)


Message History

Confirm with . or Enter, or press ? or * to list all spells.
Aiming: Magic Dart (safe; 3% risk of failure)
Press: ? - help, Shift-Dir - straight line, f/p - orc priest
Aim: an orc priest, wielding a +0 short sword (moderately wounded, 0% to evade)
The magic dart hits the orc priest.
The orc priest is heavily wounded.
The orc wizard casts a spell at you.
You are confused.
You're too confused to cast spells.
You're too confused to cast spells.
You're too confused to cast spells.
You're too confused to cast spells.
The orc priest invokes the aid of Beogh against you.
Beogh smites you!
* * * LOW HITPOINT WARNING * * *
Found 20 stones.
The orc priest casts a cantrip, but nothing happens.
The orc priest calls down the wrath of Beogh upon you.
Beogh smites you!
You die...

.... .......
....... ###
....... ..#
....... #.#
......o#### #.#
......oo..# #.#
......o...###.#
.(.....@....#.#
#.........#.#.#
#.........#.#†## .
######.........###
..
#..#..##....###...
##.##..##........
#.###....#>.##...
#.##..##.......#
#..###..####.#


You could see 3 orc priests and an orc wizard.

Vanquished Creatures
  A howler monkey (D:4)
  A hound skeleton (D:4)
  A howler monkey skeleton (D:4)
  4 adders
  An ooze (D:3)
  A dart slug (D:1)
  2 leopard geckos
  7 orcs (D:3)
  10 giant cockroaches
  13 goblins
  9 hobgoblins
  11 jackals
  A quokka (D:2)
  2 ball pythons
  12 bats
  3 frilled lizards
  4 kobolds (D:2)
  A leopard gecko skeleton (D:4)
  13 rats
97 creatures vanquished.

Notes
Turn   | Place    | Note
-------+----------+-------------------------------------------
     0 | D:1      | Chiseanne the Demonspawn Hedge Wizard began the quest for
                  | the Orb.
     0 | D:1      | Reached XP level 1. HP: 13/13 MP: 4/4
   282 | D:1      | Gained mutation: You regenerate a little health from kills.
                  | [demonic ancestry]
   282 | D:1      | Reached XP level 2. HP: 19/19 MP: 0/6
  1104 | D:1      | Gained mutation: Your movements are slightly less
                  | encumbered by armour. (ER -2) [demonic ancestry]
  1104 | D:1      | Reached XP level 3. HP: 24/24 MP: 5/8
  2287 | D:2      | Found a hide-covered altar of Uskayaw.
  2463 | D:2      | Gained mutation: Your movements are less encumbered by
                  | armour. (ER -4) [demonic ancestry]
  2463 | D:2      | Reached XP level 4. HP: 30/30 MP: 4/9
  2569 | D:2      | Learned a level 2 spell: Blink
  2573 | D:2      | Learned a level 3 spell: Mephitic Cloud
  2630 | D:2      | Found a faded altar of an unknown god.
  3772 | D:3      | Found a glowing golden altar of the Shining One.
  4535 | D:3      | Gained mutation: Your movements are significantly less
                  | encumbered by armour. (ER -6) [demonic ancestry]
  4535 | D:3      | Reached XP level 5. HP: 35/35 MP: 11/11
  4891 | D:4      | Killed from afar by an orc priest

Illustrated notes

Levels and vault maps discovered:
D:1:      matt_arrival_grand_opening, layout_basic, minmay_misc_feat_iff,
          minmay_split_cup_small
D:2:      layout_rooms, eat_drink_and_be_merry_uskayaw,
          chequers_ecumenical_altar_simple_redux
D:3:      layout_basic, nicolae_overflow_crystal_walls
D:4:      layout_rooms, lightli_temple_of_fire,
          chequers_temple_overflow_statue_of_worship

Skill      XL: |  1  2  3  4  5 |
---------------+----------------+-----
Conjurations   | 2 3 4 |  4.0
Spellcasting   | 4 |  4.7
Dodging        | |  1.7
Stealth        | |  1.7
Summonings     | |  1.0
Translocations | |  0.8

Action                   |  1- 3 |  4- 6 || total
-------------------------+-------+-------++-------
Melee: Dagger            |    45 |    23 ||    68
Throw: Stone             |       |     4 ||     4
 Cast: Magic Dart        |   115 |   156 ||   271
  Use: Scroll            |       |     7 ||     7
 Stab: Sleeping          |       |     1 ||     1
Armor: Robe              |    12 |     3 ||    15
       Leather armour    |       |    15 ||    15
Dodge: Dodged            |    51 |    47 ||    98
